 Dungeon Crawl Stone Soup version 0.16.1-11-g651b585 (webtiles) character file.

55 jacksonaction the Poker (level 3, 11/30 HPs)
             Began as a Centaur Gladiator on Apr 2, 2015.
             Quit the game on level 2 of the Dungeon.
             The game lasted 00:08:35 (1259 turns).

jacksonaction the Poker (Centaur Gladiator)         Turns: 1259, Time: 00:08:35

Health: 11/30      AC:  7    Str: 18    XL:     3   Next: 67%
Magic:  3/3        EV:  8    Int:  7    God:
Gold:   73         SH:  0    Dex:  9    Spells: 0 memorised, 2 levels left

rFire  . . .     SeeInvis .     a - +0 trident
rCold  . . .     Clarity  .     r - +0 scale mail
rNeg   . . .     SustAb   .     (no shield)
rPois  .         Gourm    .     c - +0 helmet
rElec  .         Spirit   .     (no cloak)
rCorr  .         Warding  .     (no gloves)
rMut   .         Stasis   .     (no barding)
MR     .....                    (no amulet)
Stlth  ..........               (no ring)
                                (no ring)

@: very quick, not resistant to hostile enchantments, extremely unstealthy
A: hooves 3, deformed body, speed 2, tough skin 3
a: no special abilities


You were on level 2 of the Dungeon.
You were not hungry.

You visited 1 branch of the dungeon, and saw 2 of its levels.

You collected 73 gold pieces.

Inventory:

Hand weapons
 a - a +0 trident (weapon)
Missiles
 d - 3 throwing nets
 e - 42 stones (quivered)
Armour
 c - a +0 helmet (worn)
 r - a +0 scale mail (worn)
Jewellery
 k - a cursed -3 ring of evasion {unknown}
Scrolls
 i - a scroll of amnesia {unknown}
 j - a scroll of fear {unknown}
 m - a scroll of remove curse {unknown}
 o - a scroll of identify {unknown}
 p - a scroll of enchant armour {unknown}
Potions
 g - a potion of invisibility {unknown}
 n - a potion of ambrosia {unknown}
 q - a potion of restore abilities {unknown}
Comestibles
 f - 2 bread rations
 h - a slice of pizza
 l - 4 chunks of flesh


   Skills:
 + Level 2.4 Fighting
 + Level 3.6 Polearms
 + Level 3.5 Throwing
 - Level 2.1 Dodging


You had 2 spell levels left.
You didn't know any spells.

Dungeon Overview and Level Annotations

Branches:
Dungeon (2/15)

Altars:


Innate Abilities, Weirdness & Mutations

You have hooves in place of feet.
Armour fits poorly on your strangely shaped body.
You cover ground very quickly.
You have extremely tough skin (AC +3).


Message History

You kill the rat!
You see here a rat corpse.
You butcher the rat corpse.
l - 4 chunks of flesh (gained 1)
Things that are here:
a flail; a scale mail; the human corpse of Terence
r - a scale mail Wear which item? (? for menu, Esc to quit)
You start removing your armour.
You continue taking off your +0 leather armour. x4
You finish taking off your +0 leather armour.
You start putting on your armour.
You continue putting on your scale mail. x5
You finish putting on your +0 scale mail.
Drop what? 18/52 slots (_ for help) (? for menu, Esc to quit)
You drop a +0 leather armour.
Saving game... please wait.
Welcome back, jacksonaction the Centaur Gladiator.
Press ? for a list of commands and other information.
Are you sure you want to abandon this character and quit the game? (Confirm with "yes".)

......#.# #....÷....#......##
##.##.#.######...####..#.......#
##.....................).......##
.......................÷.........
##.)..##...............#.#.....##
####..########...#####.#.##.[..#
......# #.........#.......#
####.## #...##########.####
####.# #..@# #.# .....# #...# #.#
###### ##...## #.. #.###.# . #.#
#.### #.###...# #....##.# #.#.##
.# #.#... ..


There were no monsters in sight!

Vanquished Creatures
  Terence (D:2)
  An adder (D:2)
  2 giant cockroaches (D:1)
  A goblin (D:1)
  10 hobgoblins
  5 bats
  A giant gecko (D:2)
  4 giant newts
  3 kobolds
  A quokka (D:2)
  6 rats
35 creatures vanquished.

Notes
Turn   | Place    | Note
--------------------------------------------------------------
     0 | D:1      | jacksonaction, the Centaur Gladiator, began the quest for the Orb.
     0 | D:1      | Reached XP level 1. HP: 17/17 MP: 1/1
   231 | D:1      | Reached skill level 3 in Polearms
   233 | D:1      | Reached XP level 2. HP: 24/24 MP: 2/2
   800 | D:2      | Reached XP level 3. HP: 15/30 MP: 3/3
  1223 | D:2      | Noticed Terence
  1240 | D:2      | Killed Terence
  1259 | D:2      | Quit the game

Action                   || total
-------------------------++-------
Melee: Trident           ||    80
Throw: Stone             ||    37
       Throwing net      ||     1
